 Dungeon Crawl Stone Soup version 0.28-a0-1241-gf280a0fbb2 (webtiles) character file.

Game seed: 2360830771892741055

113 Gargoyl the Skirmisher (level 4, -4/41 HPs)
             Began as a Gnoll Abyssal Knight on Dec 26, 2021.
             Was a Follower of Lugonu.
             Slain by Sigmund (9 damage)
             ... on level 3 of the Dungeon.
             The game lasted 00:03:09 (3177 turns).

Gargoyl the Skirmisher (Gnoll Abyssal Knight)       Turns: 3177, Time: 00:03:09

Health: -4/41      AC: 19    Str: 14    XL:     4   Next: 96%
Magic:  7/7        EV:  5    Int:  9    God:    Lugonu [*.....]
Gold:   78         SH:  0    Dex: 15    Spells: 5/5 levels left

rFire   . . .      SeeInvis .   a - +3 hand axe
rCold   . . .      Faith    .   (no shield)
rNeg    . . .      Spirit   .   g - +0 plate armour
rPois   .          Reflect  .   (no helmet)
rElec   .          Harm     .   (no cloak)
rCorr   .          Rampage  .   (no gloves)
Will    .....                   h - +2 pair of boots
Stlth   ..........              (no amulet)
HPRegen 0.13/turn               c - +4 ring of protection
MPRegen 0.10/turn               (no ring)

@: lethally poisoned (-4 -> -18)
A: fangs 1, strong nose, distributed training, thin skeletal structure 1,
MP-powered wands
a: Renounce Religion, Depart the Abyss


You were on level 3 of the Dungeon.
You worshipped Lugonu.
Lugonu was aware of your devotion.
You visited 1 branch of the dungeon, and saw 3 of its levels.
You visited the Abyss 1 time.

You collected 78 gold pieces.

Inventory:

Hand Weapons
 a - a +3 hand axe (weapon)
Missiles
 l - a throwing net (quivered)
Armour
 g - a +0 plate armour (worn)
 h - a +2 pair of boots (worn)
Jewellery
 c - a +4 ring of protection (left hand)
Scrolls
 e - a scroll of enchant armour
 f - a scroll of teleportation
Potions
 b - a potion of haste


   Skills:
 + Level 6.6 Fighting
 + Level 1.3 Short Blades
 + Level 1.3 Long Blades
 + Level 4.7 Axes
 + Level 1.3 Maces & Flails
 + Level 1.3 Polearms
 + Level 1.3 Staves
 + Level 1.3 Slings
 + Level 1.3 Bows
 + Level 1.3 Crossbows
 + Level 1.3 Throwing
 + Level 4.7 Armour
 + Level 2.8 Dodging
 + Level 1.3 Stealth
 + Level 1.3 Shields
 + Level 1.3 Unarmed Combat
 + Level 1.3 Spellcasting
 + Level 1.0 Conjurations
 + Level 1.0 Hexes
 + Level 1.0 Summonings
 + Level 1.0 Necromancy
 + Level 1.0 Translocations
 + Level 1.0 Transmutations
 + Level 1.0 Fire Magic
 + Level 1.0 Ice Magic
 + Level 1.0 Air Magic
 + Level 1.0 Earth Magic
 + Level 1.0 Poison Magic
 + Level 4.8 Invocations
 + Level 1.3 Evocations


You had 5 spell levels left.
You didn't know any spells.
Your spell library contained the following spells:

 Spells                   Type           Power      Damage    Failure   Level
 Sting                    Tmut/Pois      8%         1d3       100%        1
 Poisonous Vapours        Pois/Air       4%         N/A       100%        2
 Olgreb's Toxic Radiance  Pois           2%         N/A       100%        4


Dungeon Overview and Level Annotations

Branches:
Dungeon (3/15)

Altars:

Annotations:
D:3 Sigmund


Innate Abilities, Weirdness & Mutations

You have very sharp teeth.
Your uncanny sense of smell can sniff out nearby items.
Your experience applies equally to all skills.
You have a somewhat thin skeletal structure. (Dex +2, Stealth+)
You expend magic power (3 MP) to strengthen your wands.


Message History

You feel sick. The giant cockroach barely misses you.
You bump into the rock wall.
You feel sick.
Sigmund hits you from afar with a +3 scythe of venom!
You are more poisoned.
The giant cockroach bites you but does no damage.
You bump into the rock wall.
You feel very sick.
The giant cockroach bites you but does no damage.
Sigmund screams, "I am the angel of ZOT!!!"
Sigmund hits you from afar with a +3 scythe of venom.
You are lethally poisoned!
You feel very sick.
The giant cockroach bites you but does no damage.
You feel very sick.
The giant cockroach bites you but does no damage.
Sigmund gestures wildly while chanting.
Sigmund flickers and vanishes!
Deactivating autopickup; reactivate with Ctrl-A.
You feel very sick.
The giant cockroach bites you but does no damage.
Something hits you but does no damage.
You are lethally poisoned!
The giant cockroach barely misses you.
Unknown command.
You feel very sick.
The giant cockroach bites you but does no damage.
Something hits you.
* * * LOW HITPOINT WARNING * * *
You are more poisoned.
You feel less invigorated.
You feel less confused.
* * * LOW HITPOINT WARNING * * *
You feel very sick.
The giant cockroach bites you but does no damage.
Okay, then.
* * * LOW HITPOINT WARNING * * *
You feel very sick.
The giant cockroach bites you but does no damage.
Something hits you!
You die...

#................##.# ##
##................#..##### .#
##<..........(.....#.##.... .#
#...............>.........
.#####.#...<..(............##..
.....)..................#.## .#
###...##..............÷.#.# .#
##...###.......{.....#...###.#
##...####......#@...÷##.†###..#
#....##...###...B.##.##..#...##
#.#.....### #.######..#....###
....#...#####.# ##......####
.#.##....#....#########.......#
##.##.##.#.#.........##.#...<.#
#..#..##.#.#.........##.#.##..###
..##.##....#.........#†.#.###....
.#...##................##.# #.###


You could see a giant cockroach.

Vanquished Creatures
  An orc wizard (D:3)
  2 adders
  An ufetubus (D:2)
  2 worms
  A dart slug (D:1)
  5 orcs (D:3)
  4 ball pythons (D:1)
  3 endoplasms
  A giant cockroach (D:1)
  6 goblins
  4 hobgoblins
  3 jackals (D:3)
  3 quokkas (D:1)
  A bat (D:3)
  2 frilled lizards (D:1)
  7 kobolds
  2 rats (D:3)
48 creatures vanquished.

Vanquished Creatures (collateral kills)
  An endoplasm (D:3)
  A rat (D:3)
2 creatures vanquished.

Vanquished Creatures (others)
  A plant (D:2)
1 creature vanquished.

Grand Total: 51 creatures vanquished

Notes
Turn   | Place    | Note
-------+----------+-------------------------------------------
     0 | Abyss:1  | Gargoyl the Gnoll Abyssal Knight began the quest for the
                  | Orb.
     0 | Abyss:1  | Reached XP level 1. HP: 23/23 MP: 3/3
    33 | Abyss:1  | Noticed a thrashing horror
    34 | Abyss:1  | Gained mutation: Your mind is acute. (Int +2) [potion of
                  | mutation]
    34 | Abyss:1  | Gained mutation: Your mind is very acute. (Int +4) [potion
                  | of mutation]
    34 | Abyss:1  | Gained mutation: Your flesh is heat resistant. (rF+)
                  | [potion of mutation]
    35 | D:1      | Escaped the Abyss
   194 | D:1      | Reached XP level 2. HP: 27/29 MP: 5/5
   276 | D:1      | Reached * piety under Lugonu
   550 | D:1      | Reached XP level 3. HP: 35/35 MP: 6/6
   637 | D:1      | Found a faded altar of an unknown god.
  1677 | D:2      | Reached skill level 1 in Short Blades
  1677 | D:2      | Reached skill level 1 in Long Blades
  1677 | D:2      | Reached skill level 1 in Maces & Flails
  1677 | D:2      | Reached skill level 1 in Polearms
  1677 | D:2      | Reached skill level 1 in Staves
  1677 | D:2      | Reached skill level 1 in Slings
  1677 | D:2      | Reached skill level 1 in Bows
  1677 | D:2      | Reached skill level 1 in Crossbows
  1677 | D:2      | Reached skill level 1 in Throwing
  1677 | D:2      | Reached skill level 1 in Stealth
  1677 | D:2      | Reached skill level 1 in Shields
  1677 | D:2      | Reached skill level 1 in Unarmed Combat
  1677 | D:2      | Reached skill level 1 in Spellcasting
  1677 | D:2      | Reached skill level 1 in Evocations
  2505 | D:3      | Reached XP level 4. HP: 37/41 MP: 7/7
  2505 | D:3      | Lost mutation: Your flesh is heat resistant. (rF+) [potion
                  | of mutation]
  2505 | D:3      | Lost mutation: Your mind is very acute. (Int +4) [potion of
                  | mutation]
  2505 | D:3      | Gained mutation: You have a pair of small antennae on your
                  | head. [potion of mutation]
  2505 | D:3      | Gained mutation: You do not regenerate when monsters are
                  | visible. [potion of mutation]
  2506 | D:3      | Lost mutation: You do not regenerate when monsters are
                  | visible. [potion of mutation]
  2506 | D:3      | Lost mutation: Your mind is acute. (Int +2) [potion of
                  | mutation]
  2506 | D:3      | Gained mutation: You are occasionally teleported next to
                  | monsters. [potion of mutation]
  2507 | D:3      | Lost mutation: You have a pair of small antennae on your
                  | head. [potion of mutation]
  2507 | D:3      | Lost mutation: You are occasionally teleported next to
                  | monsters. [potion of mutation]
  2507 | D:3      | Gained mutation: You have a somewhat thin skeletal
                  | structure. (Dex +2, Stealth+) [potion of mutation]
  2507 | D:3      | Gained mutation: You expend magic power (3 MP) to
                  | strengthen your wands. [potion of mutation]
  2711 | D:3      | Reached skill level 1 in Conjurations
  2711 | D:3      | Reached skill level 1 in Hexes
  2711 | D:3      | Reached skill level 1 in Summonings
  2711 | D:3      | Reached skill level 1 in Necromancy
  2711 | D:3      | Reached skill level 1 in Translocations
  2711 | D:3      | Reached skill level 1 in Transmutations
  2711 | D:3      | Reached skill level 1 in Fire Magic
  2711 | D:3      | Reached skill level 1 in Ice Magic
  2711 | D:3      | Reached skill level 1 in Air Magic
  2711 | D:3      | Reached skill level 1 in Earth Magic
  2711 | D:3      | Reached skill level 1 in Poison Magic
  3156 | D:3      | Noticed Sigmund
  3177 | D:3      | Slain by Sigmund

Illustrated notes

Levels and vault maps discovered:
D:1:      tarquinn_simple_flora_water_a, layout_rooms,
          shapermc_ecumenical_altar_hornbeckon
D:2:      cheibrodos_old_hovel, layout_basic
D:3:      layout_rooms, uniq_sigmund

Skill      XL: |  1  2  3  4 |
---------------+-------------+-----
Short Blades   | 1 |  1.3
Long Blades    | 1 |  1.3
Maces & Flails | 1 |  1.3
Polearms       | 1 |  1.3
Staves         | 1 |  1.3
Slings         | 1 |  1.3
Bows           | 1 |  1.3
Crossbows      | 1 |  1.3
Throwing       | 1 |  1.3
Stealth        | 1 |  1.3
Shields        | 1 |  1.3
Unarmed Combat | 1 |  1.3
Spellcasting   | 1 |  1.3
Evocations     | 1 |  1.3
Conjurations   | 1 |  1.0
Hexes          | 1 |  1.0
Summonings     | 1 |  1.0
Necromancy     | 1 |  1.0
Translocations | 1 |  1.0
Transmutations | 1 |  1.0
Fire Magic     | 1 |  1.0
Ice Magic      | 1 |  1.0
Air Magic      | 1 |  1.0
Earth Magic    | 1 |  1.0
Poison Magic   | 1 |  1.0
Fighting       | |  6.6
Axes           | |  4.7
Armour         | |  4.7
Dodging        | |  2.8
Invocations    | |  4.8

Action                   |  1- 3 |  4- 6 || total
-------------------------+-------+-------++-------
Melee: Hand axe          |   112 |    81 ||   193
       Bite              |     9 |     6 ||    15
Throw: Javelin           |       |     2 ||     2
Invok: Depart the Abyss  |     1 |       ||     1
  Use: Potion            |     1 |     4 ||     5
       Scroll            |     3 |     7 ||    10
Armor: Leather armour    |    10 |       ||    10
       Ring mail         |    32 |       ||    32
       Plate armour      |    26 |    97 ||   123
Dodge: Dodged            |    70 |    33 ||   103

Table legend: (Time is in decaauts)
 A = Elapsed time spent in this place.
 B = Non-inter-level travel time spent in this place.
 C = Inter-level travel time spent in this place.
 D = Time resting spent in this place.
 E = Time spent auto-exploring this place.
 F = Levels seen in this place.
 G = Mean time per level.
                   A        B        C        D        E       F      G
               +--------+--------+--------+--------+--------+-----+--------+
         Total |   3196 |   3173 |     23 |    176 |   2422 |   4 |  799.0 |
       Dungeon |   3161 |   3138 |     23 |    176 |   2390 |   3 | 1053.7 |
         Abyss |     35 |     35 |      0 |      0 |     32 |   1 |   35.0 |
               +--------+--------+--------+--------+--------+-----+--------+

Top non-repeatable levels by time:
     D:2: 1740 daAuts
     D:1: 737 daAuts
     D:3: 683 daAuts
 Abyss:1: 35 daAuts
